 Dungeon Crawl Stone Soup version 0.30.0-5-g1a98f26d00 (webtiles) character file.

Game seed: 11302350663252946350

367059 Mahakala the Conqueror (level 21, -46/224 HPs)
             Began as a Minotaur Berserker on May 10, 2023.
             Was the Champion of Trog.
             Killed from afar by a living spell (59 damage)
             ... with a crystal spear
             ... summoned by a walking crystal tome
             ... on level 2 of the Depths.
             The game lasted 03:08:55 (45782 turns).

Mahakala the Conqueror (Minotaur Berserker)        Turns: 45782, Time: 03:08:55

Health: -46/224    AC: 31    Str: 28    XL:     21   Next: 61%
Magic:  20/20      EV: 11    Int:  6    God:    Trog [******]
Gold:   629        SH:  0    Dex:  9    Spells: 20/20 levels left

rFire   + . .        a - +4 executioner's axe (flame)
rCold   + . .        (shield currently unavailable)
rNeg    + . .        Q - +4 plate armour
rPois   .            W - +0 hat {Stlth+}
rElec   .            L - scarf of the Moon {shadows, Will+ Regen+}
rCorr   .            D - +2 pair of gloves
SInv    .            U - +2 pair of boots {Stlth+}
Will    +++..        J - amulet of the acrobat Stlth
                     Y - ring of the Orange Skies {rF+ rN+ Will+ Dex-2}
HPRegen 1.37/turn    F - ring "Samigy" {rC+ Str-2 Slay+4 Stlth+}
MPRegen 0.17/turn

%: acrobat
@: on berserk cooldown, slowed, very slow
A: horns 2, retaliatory headbutt
}: 2/15 runes: serpentine, barnacled
a: Renounce Religion, Berserk, Trog's Hand, Brothers in Arms


You were on level 2 of the Depths.
You worshipped Trog.
Trog was exalted by your worship.
You visited 8 branches of the dungeon, and saw 37 of its levels.
You visited the Abyss 1 time.
You visited 1 bazaar.
You also visited: Gauntlet.

You collected 3580 gold pieces.
You spent 2951 gold pieces at shops.

Inventory:

Hand Weapons
 a - a +4 executioner's axe of flaming (weapon)
 b - a +4 antimagic battleaxe
Missiles
 r - 5 throwing nets {!f}
 B - 26 boomerangs (quivered)
 N - 57 poisoned darts
 T - 13 curare-tipped darts {!f}
 V - 19 javelins
 Z - 15 silver javelins
Armour
 D - a +2 pair of gloves (worn)
 L - the scarf of the Moon (worn) {shadows, Will+ Regen+}
   (You found it on level 4 of the Vaults)

   Regen:     It increases your rate of health regeneration.
   Will:      It increases your willpower.
 Q - a +4 plate armour (worn)
 U - a +2 pair of boots of stealth (worn)
 W - a +0 hat of stealth (worn)
Jewellery
 z - a ring of see invisible
 F - the ring "Samigy" (right hand) {rC+ Str-2 Slay+4 Stlth+}
   (You bought it in a shop in a bazaar)

   [ring of slaying]

   Str:       It affects your strength (-2).
   Slay:      It affects your accuracy & damage with ranged weapons and melee
   (+4).
   rC:        It protects you from cold.
   Stlth:     It makes you more stealthy.
 J - an amulet of the acrobat (around neck)
 K - a ring of poison resistance
 R - the amulet "Neanweg" {*Corrode Regen+ Int+2 Dex+4}
   (You bought it in a shop in a bazaar)

   [amulet of regeneration]

   Int:       It affects your intelligence (+2).
   Dex:       It affects your dexterity (+4).
   Regen:     It increases your rate of health regeneration.
   *Corrode:  It may corrode you when you take damage.
 Y - the ring of the Orange Skies (left hand) {rF+ rN+ Will+ Dex-2}
   (You bought it in a shop in a bazaar)

   [ring of willpower]

   Dex:       It affects your dexterity (-2).
   rF:        It protects you from fire.
   rN:        It protects you from negative energy.
   Will:      It increases your willpower.
Wands
 i - a wand of quicksilver (15)
 m - a wand of roots (18)
 q - a wand of charming (12)
 t - a wand of flame (85)
 u - a wand of polymorph (17)
 v - a wand of digging (4)
 A - a wand of mindburst (9)
Scrolls
 c - 3 scrolls of enchant armour
 f - 9 scrolls of teleportation {@r4}
 g - 6 scrolls of fog
 l - 3 scrolls of fear
 n - 10 scrolls of immolation {!r}
 p - 3 scrolls of blinking
 s - 4 scrolls of enchant weapon
 w - a scroll of silence
 x - 11 scrolls of identify {@r1}
 E - 4 scrolls of poison {!r}
 G - 5 scrolls of magic mapping
 H - a scroll of brand weapon
Potions
 d - a potion of magic
 e - 8 potions of mutation {!q}
 h - 3 potions of haste {@q3}
 j - 2 potions of invisibility
 k - 5 potions of ambrosia
 o - 5 potions of cancellation
 y - 19 potions of curing {@q1}
 C - 6 potions of attraction {!q}
 I - 11 potions of heal wounds {@q2}
 M - 8 potions of flight
 O - 5 potions of might
 S - a potion of resistance
Miscellaneous
 P - a box of beasts


   Skills:
 O Level 27 Fighting
 - Level 24.0 Axes
 - Level 12.0 Throwing
 + Level 21.0 Armour
 - Level 10.0 Dodging
 - Level 12.0 Evocations


You had 20 spell levels left.
You didn't know any spells.
Your spell library was empty.

Dungeon Overview and Level Annotations

Branches:
Dungeon (15/15)            Temple (1/1) D:4            Lair (5/5) D:8
 Shoals (4/4) Lair:2        Snake (4/4) Lair:3        Slime (0/5) Lair:4
    Orc (2/2) D:12            Elf (0/3) Orc:2        Vaults (4/5) D:13
  Crypt (0/3) Vaults:3     Depths (2/4) D:15        Gauntlet (visited)

Altars:
Ashenzari
Cheibriados
Dithmenos
Elyvilon
Fedhas
Gozag
Hepliaklqana
Kikubaaqudgha
Makhleb
Nemelex Xobeh
Okawaru
Qazlal
Ru
Sif Muna
Trog
Uskayaw
Vehumet
Wu Jian
Xom
Yredelemnul
Zin
The Shining One

Shops:
D:7 *   D:8 ?   D:10 [   Orc:1 :   Orc:2 :*[[[   Snake:1 ?   Snake:2 ??*?
Snake:4 =::   Vaults:1 (   Depths:1 *

Portals:
Hell: Depths:1 Depths:2
Abyss: Depths:1

Annotations:
D:4 2 transporters
Snake:4 2 runed translucent doors, Valagong's ghost, journeyman MiFi
Vaults:1 3 runed translucent doors, BubbleThief's ghost, adept NaVM
Depths:1 exclusion: 2 doors
Depths:2 6 exclusions


Innate Abilities, Weirdness & Mutations

You have a pair of horns on your head.
You reflexively headbutt those who attack you in melee.


Message History

Trog accepts your kill.
Trog appreciates your killing of a magic user.
You hear a shout!
You hear a deafening roar!
Your stone giant hits the ice dragon!!
Your stone giant hits the ice dragon!!!
The ice dragon dies!
Trog accepts your kill. The living spell casts itself at you.
The crystal spear hits you!!!
* * * LOW HITPOINT WARNING * * *
Your Armour skill increases to level 21!
Items here: )))) ††.
You feel a strong urge to attack something.
You are no longer berserk.
You are exhausted.
You feel yourself slow down.
A quicksilver dragon comes into view.
There is an escape hatch in the floor, spattered with blood here.
You hit the walking crystal tome but do no damage.
You headbutt the walking crystal tome, but do no damage.
You chop something into pieces!!! You burn something. Trog accepts your kill.
Trog appreciates your killing of a magic user.
Reactivating autopickup.
You feel a bit more experienced.
The sphinx completely misses your stone giant.
The sphinx hits your stone giant.
The sphinx hits your stone giant but does no damage.
Your stone giant completely misses the sphinx.
The walking crystal tome erupts in a flurry of living spells!
You slash the walking crystal tome! You burn the walking crystal tome.
The walking crystal tome is lightly damaged.
The sphinx hits your stone giant.
The sphinx hits your stone giant but does no damage. x2
Your stone giant hits the sphinx.
The walking crystal tome hits you!
* * * LOW HITPOINT WARNING * * *
A stone giant comes into view.
The living spell casts itself at you. The crystal spear hits you!!!
You die...

.# . ## .#####C###...
.. ............. #
#............ #.#
##.....D*..... #....∩
.'...*...*.... ##....#
#..H..;...... ##.##.#
#...C.@...... ...##.#
#####()#..... ##.##.#
##)(......
##.##.########...#.....
..............#..#.....
##.##.##.###.##..# ....
##.##....##..##..#.....
...#########..†..'.....
#### #######....


You could see a walking crystal tome, a quicksilver dragon, a sphinx
(distracted, ally target), a stone giant, 3 living crystal spells and a friendly
stone giant (summoned, berserk).

Vanquished Creatures
  An ancient lich (Vaults:4)
  2 juggernauts (Depths:2)
  Saint Roka (Snake:2)
  Nikola (Shoals:3)
  Zenata (Vaults:3)
  A lich (Depths:2)
  2 quicksilver dragons (Snake:4)
  A walking divine tome (Depths:2)
  A tentacled starspawn (Abyss:3)
  2 sphinxes (Vaults:4)
  Kirke (Shoals:1)
  Gastronok (D:10)
  A tengu reaver (Depths:2)
  Roxanne (Shoals:3)
  4 nagarajas (Snake:4)
  A revenant (Abyss:3)
  A balrug (Depths:1)
  Aizul (Snake:1)
  8 vault wardens
  4 frost giants
  An orc warlord (Vaults:1)
  14 stone giants
  9 ironbound preservers
  3 spriggan defenders
  23 very ugly things
  5 ironbound thunderhulks
  A vampire knight (Depths:2)
  2 war gargoyles (Vaults:4)
  9 spark wasps
  14 dire elephants
  2 minotaurs
  The ghost of math4jedi the Cleaver, a journeyman MiBe of Trog (Orc:1)
  A deep elf death mage (Vaults:3)
  4 fire dragons
  Snorg (Lair:5)
  8 merfolk impalers
  8 ettins
  9 great orbs of eyes
  7 merfolk javelineers
  12 yaktaur captains
  3 rakshasas (Depths:2)
  2 entropy weavers
  The ghost of Plog the Tainter, a journeyman DgVM (D:12)
  16 vault guards
  5 ice dragons
  6 ogre magi
  A peacekeeper (Vaults:4)
  A catoblepas (Lair:1)
  2 alligator snapping turtles
  5 salamander tyrants
  A merfolk avatar (Shoals:3)
  4 satyrs
  10 ironbound frosthearts
  2 spriggan air magi
  A death knight (Vaults:3)
  21 two-headed ogres
  7 boulder beetles
  6 tengu warriors
  4 hydras
  16 centaur warriors
  2 deep troll shamans
  7 anacondas
  A merfolk aquamancer (Shoals:4)
  A dancing weapon (D:12)
  4 death yaks (Lair:3)
  2 deep troll earth magi (Depths:2)
  7 naga warriors
  3 spriggan berserkers
  A vampire mage (Depths:1)
  9 shock serpents
  2 orc high priests
  A hell knight (Depths:2)
  2 spriggans (Depths:1)
  22 naga sharpshooters
  7 thrashing horrors (Abyss:3)
  An iron troll (Depths:1)
  A wretched star (Abyss:3)
  8 skysharks
  A soul eater (Depths:1)
  A sun demon (Depths:1)
  6 skeletal warriors
  12 sea snakes
  4 salamander mystics
  7 glowing orange brains
  A flayed ghost (Depths:2)
  A swamp dragon (Abyss:3)
  7 wizards
  29 deep trolls
  5 naga ritualists
  9 lindwurms
  4 deep elf pyromancers
  5 necromancers
  10 ironbound convokers
  16 harpies
  A sphinx zombie (Depths:1)
  2 orc knights (Vaults:1)
  8 mana vipers
  A frost giant zombie (Vaults:3)
  A fire giant skeleton (Depths:1)
  An orc sorcerer (Orc:2)
  13 fauns
  2 frost giant skeletons (Depths:1)
  24 ugly things
  5 cyclopes
  2 elephants
  Maurice (D:8)
  A stone giant zombie (Depths:1)
  16 salamanders
  11 manticores
  34 black mambas
  17 naga magi
  10 vault sentinels
  6 guardian serpents
  6 merfolk sirens
  5 smoke demons
  2 torpor snails (Lair:4)
  A gargoyle (D:13)
  An elf zombie (Vaults:3)
  2 water nymphs
  10 cane toads
  3 molten gargoyles (Lair:5)
  12 komodo dragons
  A rime drake (Lair:3)
  2 unseen horrors (D:12)
  44 yaktaurs
  7 kobold demonologists
  3 freezing wraiths
  A spriggan skeleton (Depths:1)
  3 tengu conjurers
  7 trolls
  2 efreet
  An ancient zyme (Abyss:3)
  A red devil (Gauntlet)
  13 snapping turtles
  3 hellwings (Abyss:3)
  5 hornets
  3 meliai (Lair:2)
  11 wind drakes
  An iron dragon simulacrum (Depths:1)
  4 raiju (Abyss:3)
  40 merfolk
  8 dream sheep
  Sigmund (D:2)
  2 spriggan zombies (Depths:1)
  4 shadows
  72 yaks
  26 slime creatures
  4 wraiths
  3 wyverns
  3 vampires
  9 water elementals
  3 hogs (Shoals:1)
  2 fire elementals (D:15)
  A chaos spawn (Abyss:3)
  4 redbacks
  11 basilisks
  2 vampire mosquitoes
  2 steam dragons
  An elf skeleton (Vaults:3)
  2 large abominations (Abyss:3)
  3 wargs
  43 nagas
  5 acid dragons
  16 water moccasins
  A floating eye (shapeshifter) (Vaults:3)
  3 hell hounds (Lair:5)
  A sky beast (D:4)
  26 orc warriors
  30 ogres
  8 wolves
  5 boggarts (Vaults:1)
  A human skeleton (Vaults:3)
  8 centaurs
  3 kobold brigands
  25 bullfrogs
  3 gnoll sergeants
  4 scorpions
  5 wights (D:8)
  3 small abominations (Abyss:3)
  8 killer bees
  7 howler monkeys
  3 crimson imps (Gauntlet)
  5 lava snakes
  2 human simulacra
  6 hounds
  3 iron imps (D:9)
  2 jellies
  28 orc priests
  2 gnoll boudas
  5 iguanas
  Ijyb (D:4)
  26 orc wizards
  Natasha (thrice) (D:3)
  21 gnolls
  2 adders
  2 shadow imps
  A white imp (D:5)
  4 ufetubi
  2 worms
  A dart slug (D:4)
  82 orcs
  6 ball pythons
  9 endoplasms
  5 giant cockroaches
  3 goblins
  3 hobgoblins
  19 kobolds
  4 quokkas
  3 bats
  4 rats (D:1)
1458 creatures vanquished.

Vanquished Creatures (collateral kills)
  Bai Suzhen (Shoals:3)
  Asterion (Snake:2)
  Louise (Shoals:4)
  A very ugly thing (D:15)
  Azrael (D:15)
  A merfolk javelineer (Shoals:1)
  3 merfolk impalers (Shoals:4)
  An ice dragon (Depths:2)
  A merfolk aquamancer (Shoals:4)
  A naga warrior (Snake:4)
  A naga sharpshooter (Snake:4)
  A manticore (Shoals:1)
  A black mamba (Snake:4)
  A smoke demon (Gauntlet)
  A merfolk (Shoals:1)
  A snapping turtle (Shoals:1)
  A naga (Snake:4)
  2 hell hounds (D:15)
  A gnoll sergeant (D:12)
  A crimson imp (Gauntlet)
  A gnoll (D:12)
  A spectral weapon (Snake:2)
25 creatures vanquished.

Vanquished Creatures (others)
  An ironbound frostheart (Vaults:3)
  A deep troll (Vaults:3)
  2 humans (Shoals:1)
  2 starspawn tentacles (Abyss:3)
6 creatures vanquished.

Grand Total: 1489 creatures vanquished

Notes
Turn   | Place    | Note
-------+----------+-------------------------------------------
     0 | D:1      | Mahakala the Minotaur Berserker began the quest for the
                  | Orb.
     0 | D:1      | Reached XP level 1. HP: 19/19 MP: 0/0
   245 | D:1      | Reached XP level 2. HP: 25/27 MP: 1/1
   823 | D:1      | Reached skill level 4 in Fighting
   929 | D:1      | Found a faded altar of an unknown god.
  1176 | D:2      | Noticed Sigmund
  1514 | D:2      | Identified the +6 short sword "Dragon's Tongue" {heavy,
                  | rElec rF+ Int+2 Dex-2}
  1534 | D:2      | Killed Sigmund
  1535 | D:2      | Reached skill level 5 in Fighting
  1535 | D:2      | Reached XP level 3. HP: 36/36 MP: 2/2
  1535 | D:2      | Reached XP level 4. HP: 42/42 MP: 3/3
  1535 | D:2      | Reached XP level 5. HP: 48/48 MP: 4/4
  2041 | D:3      | Found an opulent altar of Gozag.
  2256 | D:3      | Noticed Natasha
  2264 | D:3      | Killed Natasha
  2273 | D:3      | Noticed Natasha
  2283 | D:3      | Killed Natasha
  2325 | D:3      | Noticed Natasha
  2337 | D:3      | Killed Natasha
  2338 | D:3      | Reached XP level 6. HP: 48/56 MP: 5/5
  2752 | D:4      | Reached ** piety under Trog
  2777 | D:4      | Found a stormy altar of Qazlal.
  2777 | D:4      | Noticed a sky beast
  2789 | D:4      | Killed a sky beast
  2896 | D:4      | Identified the +8 long sword of Premature Burial {speed,
                  | rPois rN++ Int-5 Dex+2}
  2984 | D:4      | Found a blossoming altar of Fedhas.
  3046 | D:4      | Noticed Ijyb
  3071 | D:4      | Killed Ijyb
  3077 | D:4      | Found a transporter.
  3120 | D:4      | Reached XP level 7. HP: 61/61 MP: 6/6
  3144 | D:4      | Found a transporter.
  3455 | D:4      | Found a staircase to the Ecumenical Temple.
  3464 | Temple   | Entered the Ecumenical Temple
  3727 | D:5      | Entered Level 5 of the Dungeon
  3813 | D:5      | Found a radiant altar of Vehumet.
  3942 | D:5      | Reached skill level 5 in Armour
  4028 | D:5      | Noticed a hornet
  4036 | D:5      | Paralysed by a hornet for 2 turns
  4039 | D:5      | Killed a hornet
  4040 | D:5      | Reached skill level 10 in Axes
  4040 | D:5      | Reached XP level 8. HP: 67/68 MP: 7/7
  4348 | D:5      | Reached *** piety under Trog
  5534 | D:6      | Noticed a hornet
  5537 | D:6      | Paralysed by a hornet for 1 turns
  5540 | D:6      | Paralysed by a hornet for 3 turns
  5548 | D:6      | Killed a hornet
  5758 | D:7      | Found Taje's Assorted Antiques.
  5765 | D:7      | Bought a blackened iron wand for 120 gold pieces
  6661 | D:8      | Reached XP level 9. HP: 70/75 MP: 8/8
  6679 | D:8      | Reached skill level 6 in Fighting
  6684 | D:8      | Found a staircase to the Lair.
  6922 | D:8      | Noticed Maurice
  6932 | D:8      | Killed Maurice
  7037 | D:8      | Reached skill level 7 in Fighting
  7071 | D:8      | Found Meploaf's Magic Scroll Emporium.
  7310 | Lair:1   | Entered Level 1 of the Lair of Beasts
  7310 | Lair:1   | Noticed a cane toad
  7317 | Lair:1   | Killed a cane toad
  7387 | Lair:1   | Reached skill level 8 in Fighting
  7391 | Lair:1   | Noticed a cane toad
  7391 | Lair:1   | Noticed a komodo dragon
  7404 | Lair:1   | Killed a cane toad
  7405 | Lair:1   | Reached XP level 10. HP: 76/88 MP: 9/9
  7791 | Lair:1   | Reached skill level 15 in Axes
  7801 | Lair:1   | Reached **** piety under Trog
  7807 | Lair:1   | Reached skill level 9 in Fighting
  7888 | Lair:1   | Noticed a catoblepas
  7934 | Lair:1   | Killed a catoblepas
  8261 | Lair:1   | Noticed a cane toad
  8285 | Lair:1   | Killed a cane toad
  8684 | Lair:2   | Noticed a cane toad
  8688 | Lair:2   | Killed a cane toad
  8877 | Lair:2   | Noticed a skyshark
  8890 | Lair:2   | Killed a skyshark
  8891 | Lair:2   | Reached XP level 11. HP: 60/97 MP: 10/10
  9043 | Lair:2   | Found a staircase to the Shoals.
  9347 | Lair:2   | Found a dark tunnel.
  9397 | Lair:2   | Noticed a skyshark
  9413 | Lair:2   | Killed a skyshark
  9501 | Lair:2   | Reached skill level 5 in Dodging
  9518 | Lair:2   | Identified the +2 scale mail of Entitlement {Str+3 Dex+2}
  9616 | Lair:2   | Reached skill level 1 in Evocations
 10296 | Lair:3   | Found a staircase to the Snake Pit.
 11118 | Lair:4   | Reached skill level 10 in Armour
 11316 | Lair:4   | Found a staircase to the Slime Pits.
 11329 | Lair:4   | Reached XP level 12. HP: 105/105 MP: 11/11
 11459 | Lair:4   | Reached skill level 10 in Fighting
 11483 | Lair:4   | Noticed a death yak
 11484 | Lair:4   | Noticed a death yak
 11486 | Lair:4   | Noticed a death yak
 11510 | Lair:4   | Noticed a death yak
 11518 | Lair:3   | Killed a death yak
 11659 | Lair:4   | Reached ***** piety under Trog
 12483 | Lair:4   | HP: 2/108 [death yak (15)]
 13053 | Lair:3   | Killed a death yak
 13054 | Lair:3   | Reached skill level 5 in Evocations
 13147 | Lair:4   | Found a staircase to the Slime Pits.
 13208 | Lair:4   | Reached skill level 11 in Fighting
 13261 | Lair:3   | Killed a death yak
 13556 | Lair:3   | Killed a death yak
 13956 | Lair:4   | Found a staircase to the Slime Pits.
 14538 | Lair:5   | Entered Level 5 of the Lair of Beasts
 14790 | Lair:5   | Noticed Sonja
 14802 | Lair:5   | Sonja changed into Sonja the bullfrog
 14802 | Lair:5   | Noticed Sonja
 14804 | Lair:5   | Killed Sonja the bullfrog
 15043 | Lair:5   | Reached skill level 1 in Throwing
 15097 | Lair:5   | Noticed Snorg
 15109 | Lair:5   | Killed Snorg
 15468 | Lair:5   | Noticed a seven-headed hydra
 15497 | Lair:5   | Killed an 11-headed hydra
 15593 | Lair:5   | Reached XP level 13. HP: 116/116 MP: 12/12
 15702 | Lair:5   | Reached skill level 5 in Throwing
 16592 | Lair:5   | Found a large runed translucent door.
 16593 | Lair:5   | Found a large runed translucent door.
 16635 | Lair:5   | Noticed a fire dragon
 16644 | Lair:5   | Killed a fire dragon
 16877 | D:9      | Received a gift from Trog
 17100 | D:9      | Found a white marble altar of Elyvilon.
 17203 | D:9      | Found a burning altar of Makhleb.
 17364 | D:9      | Found a basalt altar of Yredelemnul.
 17639 | D:10     | Entered Level 10 of the Dungeon
 17685 | D:10     | Found Suneoveh's Armour Boutique.
 17883 | D:10     | Found a snail-covered altar of Cheibriados.
 17959 | D:10     | Noticed Gastronok
 17967 | D:10     | Killed Gastronok
 17968 | D:10     | Reached skill level 12 in Fighting
 17996 | D:10     | Found a shimmering altar of Xom.
 18181 | D:10     | Found a hazy altar of Hepliaklqana.
 18705 | D:11     | Identified the +0 robe of Classification {rElec Will++
                  | Int+2 Dex-2}
 18719 | D:11     | Identified the +5 chain mail of Loos {rElec Stlth+}
 19420 | D:12     | Reached XP level 14. HP: 127/127 MP: 13/13
 19570 | D:8      | Bought a scroll of teleportation for 48 gold pieces
 19570 | D:8      | Bought a scroll of teleportation for 48 gold pieces
 19570 | D:8      | Bought a scroll of identify for 32 gold pieces
 19570 | D:8      | Bought a scroll of identify for 32 gold pieces
 19915 | D:12     | Found a staircase to the Orcish Mines.
 20279 | D:12     | Received a gift from Trog
 20309 | D:12     | Found a runed translucent door.
 20358 | D:12     | Found a shimmering altar of Xom.
 20358 | D:12     | Noticed Plog's ghost (journeyman DgVM)
 20366 | D:12     | Reached skill level 10 in Dodging
 20378 | D:12     | Killed Plog's ghost
 20381 | D:12     | Identified the ring "Paho" {Fly rF- MP+9 Str+6 Int+2}
 20535 | D:13     | Reached skill level 13 in Fighting
 20712 | D:13     | Found a sacrificial altar of Ru.
 20903 | D:13     | Found a gate to the Vaults.
 20999 | D:13     | Reached skill level 14 in Fighting
 21504 | D:14     | Found a gate leading to a gauntlet.
 21527 | Gauntlet | Entered a Gauntlet
 21527 | Gauntlet | Found a transporter.
 21534 | Gauntlet | Found a transporter.
 21536 | Gauntlet | Found a transporter.
 21552 | Gauntlet | Found a transporter.
 21555 | Gauntlet | Found a transporter.
 21562 | Gauntlet | Found a transporter.
 21579 | Gauntlet | Found a transporter.
 21589 | Gauntlet | Found a transporter.
 21594 | Gauntlet | Found a transporter.
 21594 | Gauntlet | Found a transporter.
 21602 | Gauntlet | Found a runed translucent door.
 21604 | Gauntlet | Found a transporter.
 21605 | Gauntlet | Found a transporter.
 21606 | Gauntlet | Found a runed translucent door.
 21647 | Gauntlet | Found a transporter.
 21661 | Gauntlet | Found a transporter.
 21749 | Gauntlet | Identified the +1 battleaxe of Crusades {heavy, *Noise rF++
                  | rN+++ Str-3} (Trog gifted it to you in a Gauntlet)
 21749 | Gauntlet | Received a gift from Trog
 21859 | Gauntlet | Reached skill level 15 in Fighting
 21937 | Gauntlet | Identified the +6 falchion "Tuaduget" {protect, MP+9 Str+2}
 22001 | D:14     | Reached XP level 15. HP: 128/141 MP: 14/14
 22132 | D:14     | Reached skill level 15 in Armour
 22468 | D:15     | Entered Level 15 of the Dungeon
 22600 | D:15     | Noticed Azrael
 22619 | D:15     | Killed Azrael
 23367 | D:15     | Found a staircase to the Depths.
 23934 | Orc:1    | Entered Level 1 of the Orcish Mines
 24019 | Orc:2    | Entered Level 2 of the Orcish Mines
 24087 | Orc:1    | Found Kuveudoll's Vocational Training.
 24148 | Orc:1    | Noticed math4jedi's ghost (journeyman MiBe)
 24151 | Orc:1    | Found a transporter.
 24154 | Orc:1    | Found a transporter.
 24456 | Orc:1    | Killed math4jedi's ghost
 24463 | Orc:1    | Reached skill level 16 in Fighting
 24627 | Orc:2    | Found a staircase to the Elven Halls.
 24690 | Orc:2    | Found a radiant altar of Vehumet.
 24706 | Orc:2    | Found Siyfoco's Book Shoppe.
 24774 | Orc:2    | Received a gift from Trog
 24778 | Orc:2    | Found Nanatuops's Armour Shop.
 24778 | Orc:2    | Found Toafaej's Armour Shoppe.
 24779 | Orc:2    | Found Roez's Assorted Antiques.
 24779 | Orc:2    | Found Xuvorgh's Armour Shop.
 24789 | Orc:2    | Bought a potion of heal wounds for 150 gold pieces
 25029 | Orc:2    | Reached skill level 17 in Fighting
 25708 | Snake:1  | Entered Level 1 of the Snake Pit
 25708 | Snake:1  | Noticed Aizul
 25719 | Snake:1  | Killed Aizul
 25857 | Snake:1  | Reached XP level 16. HP: 138/155 MP: 15/15
 25878 | Snake:1  | Found a radiant altar of Vehumet.
 26175 | Snake:1  | Found Jatroi Werr's Magic Scroll Emporium.
 26183 | Snake:1  | Bought a scroll of blinking for 142 gold pieces
 26231 | Snake:2  | Noticed Asterion
 26382 | Snake:2  | Noticed Saint Roka
 26398 | Snake:2  | Killed Saint Roka
 26399 | Snake:2  | Reached skill level 18 in Fighting
 27055 | Snake:2  | Found Yquosusk's Magic Scroll Shoppe.
 27056 | Snake:2  | Found Noxaerph's Magic Scroll Emporium.
 27056 | Snake:2  | Found Kaukoat's Magic Scroll Shoppe.
 27061 | Snake:2  | Found Vakhlaig's Assorted Antiques.
 27077 | Snake:2  | Killed Asterion
 27539 | Snake:2  | Found the +3 warlock's mirror {omnireflect}
 27547 | Snake:2  | Identified the ring "Heeniom" {rF+ rN++ EV+5 Dex-3}
 27694 | Snake:2  | Reached skill level 19 in Fighting
 27882 | Snake:3  | Received a gift from Trog
 28553 | Snake:4  | Entered Level 4 of the Snake Pit
 28610 | Snake:4  | Found Wourepoj's Book Shop.
 28611 | Snake:4  | Found Fimam's Jewellery Shoppe.
 28612 | Snake:4  | Found Tuyteyq's Book Shop.
 28908 | Snake:4  | Noticed Valagong's ghost (journeyman MiFi)
 28926 | Snake:4  | Reached XP level 17. HP: 121/170 MP: 16/16
 28949 | Snake:4  | Reached ****** piety under Trog
 28957 | Snake:4  | Received a gift from Trog
 29014 | Snake:4  | Found a large runed translucent door.
 29015 | Snake:4  | Found a large runed translucent door.
 29103 | Snake:4  | Reached skill level 20 in Fighting
 29502 | Snake:4  | Found a sparkling altar of Nemelex Xobeh.
 29960 | Snake:4  | Noticed a quicksilver dragon
 29968 | Snake:4  | Killed a quicksilver dragon
 30022 | Snake:4  | Noticed a quicksilver dragon
 30043 | Snake:4  | Killed a quicksilver dragon
 30190 | Snake:4  | Got a serpentine rune of Zot
 30238 | Snake:4  | Received a gift from Trog
 30599 | Shoals:1 | Entered Level 1 of the Shoals
 31101 | Shoals:1 | Noticed Kirke
 31109 | Shoals:1 | Killed Kirke
 31174 | Shoals:1 | Found a hide-covered altar of Uskayaw.
 32161 | Abyss:3  | Cast into level 3 of the Abyss (merfolk impaler)
 32219 | Abyss:3  | Received a gift from Trog
 32321 | Abyss:3  | Reached XP level 18. HP: 111/178 MP: 17/17
 32346 | Shoals:2 | Escaped the Abyss
 32927 | Shoals:3 | Noticed Nikola
 33134 | Shoals:3 | Reached skill level 10 in Throwing
 33398 | Shoals:3 | Killed Nikola
 33889 | Shoals:3 | Identified Roxanne's Tome of Changes
 33889 | Shoals:3 | Noticed Roxanne
 33925 | Shoals:3 | Killed Roxanne
 34067 | Shoals:3 | Noticed Bai Suzhen
 34080 | Shoals:3 | Killed Bai Suzhen
 34176 | Shoals:4 | Entered Level 4 of the Shoals
 34205 | Shoals:4 | Noticed Louise
 34357 | Shoals:4 | Got a barnacled rune of Zot
 34434 | Shoals:4 | Received a gift from Trog
 35003 | Shoals:4 | Killed Louise
 35025 | Shoals:4 | Identified the +4 great mace of Annihilation {freeze,
                  | *Noise Str+5}
 35939 | Vaults:1 | Entered Level 1 of the Vaults
 36354 | Vaults:1 | Reached XP level 19. HP: 166/185 MP: 18/18
 36513 | Vaults:1 | Received a gift from Trog
 36898 | Vaults:1 | Found Juppuk's Weapon Boutique.
 37112 | Vaults:1 | Found a runed translucent gate.
 37112 | Vaults:1 | Found a runed translucent gate.
 37114 | Vaults:1 | Found a runed translucent gate.
 37116 | Vaults:1 | Noticed BubbleThief's ghost (adept NaVM)
 37707 | Vaults:2 | Received a gift from Trog
 37798 | Vaults:2 | Reached skill level 21 in Fighting
 38549 | Vaults:2 | Reached skill level 10 in Evocations
 39225 | Vaults:3 | Noticed Zenata
 39242 | Vaults:3 | Killed Zenata
 39353 | Vaults:3 | Identified the +6 shortbow of Zatettej {freeze, rF+ Dex+2
                  | SInv}
 39513 | Vaults:3 | Reached skill level 22 in Fighting
 39803 | Vaults:3 | Reached XP level 20. HP: 140/200 MP: 19/19
 39804 | Vaults:3 | Received a gift from Trog
 39961 | Vaults:3 | Found a staircase to the Crypt.
 39980 | Vaults:3 | Found a gateway to a bazaar.
 40000 | Bazaar   | Entered a bazaar
 40000 | Bazaar   | Found Nokiman's General Store.
 40008 | Bazaar   | Bought 2 potions of heal wounds for 80 gold pieces
 40012 | Bazaar   | Found Foangiur's Jewellery Boutique.
 40020 | Bazaar   | Bought the ring of the Orange Skies {rF+ rN+ Will+ Dex-2}
                  | for 234 gold pieces
 40023 | Bazaar   | Found Exeff's Jewellery Emporium.
 40037 | Bazaar   | Found Upeffehe's Distillery.
 40045 | Bazaar   | Bought 2 potions of heal wounds for 120 gold pieces
 40058 | Bazaar   | Bought the amulet "Neanweg" {*Corrode Regen+ Int+2 Dex+4}
                  | for 528 gold pieces
 40058 | Bazaar   | Bought the ring "Samigy" {rC+ Str-2 Slay+4 Stlth+} for 1087
                  | gold pieces
 40587 | Vaults:3 | Paralysed by a floating eye for 3 turns
 40988 | Vaults:4 | Received a gift from Trog
 41017 | Vaults:4 | Reached skill level 23 in Fighting
 41742 | Vaults:4 | Reached skill level 24 in Fighting
 41900 | Vaults:4 | Noticed an ancient lich
 41915 | Vaults:4 | Killed an ancient lich
 42141 | Vaults:4 | Identified the scarf of the Moon {shadows, Will+ Regen+}
 42473 | Depths:1 | Entered Level 1 of the Depths
 42476 | Depths:1 | Found Kotsoqi's Assorted Antiques.
 43016 | Snake:4  | Bought an amulet of the acrobat for 330 gold pieces
 43305 | Depths:1 | Received a gift from Trog
 43374 | Depths:1 | Found a one-way gate to the infinite horrors of the Abyss.
 43384 | Depths:1 | Found a white marble altar of Elyvilon.
 43709 | Depths:1 | Reached skill level 25 in Fighting
 44157 | Depths:1 | Found a gateway to Hell.
 44421 | Depths:1 | Reached XP level 21. HP: 217/218 MP: 20/20
 44853 | Depths:2 | Reached skill level 26 in Fighting
 44945 | Depths:2 | Noticed a juggernaut
 44956 | Depths:2 | Killed a juggernaut
 45761 | Depths:2 | Noticed a juggernaut
 45762 | Depths:2 | Identified the ring of Battaozu {Contam rCorr EV+5 Int+8
                  | Dex-5}
 45769 | Depths:2 | Killed a juggernaut
 45770 | Depths:2 | Reached skill level 27 in Fighting
 45772 | Depths:2 | Received a gift from Trog
 45782 | Depths:2 | Killed from afar by a living spell

Illustrated notes

Levels and vault maps discovered:
D:1:      lightli_arrival_boilingwater, layout_basic,
          hellmonk_ecumenical_altar_leap_of_faith
D:2:      layout_basic, uniq_sigmund
D:3:      layout_basic, nicolae_gozag_cash_rules_everything_around_me,
          hex_medium, uniq_natasha
D:4:      gammafunk_cloud_chamber, layout_loops_ring,
          mainiacjoe_overflow_small_starburst, nicolae_qazlal_beasts_of_the_sky,
          minmay_temple_entry_poolview, uniq_ijyb
D:5:      layout_cave_pods, fiery_altar_vehumet
D:6:      layout_loops_ring
D:7:      layout_layer_cave, serial_shops, shop
D:8:      layout_basic, grunt_lair_entry_orc_guard_hut, serial_shops,
          nicolae_shop_waterfront, centaur_isle, uniq_maurice
D:9:      layout_rooms, demons_altar, kennysheep_ying_yang,
          kennysheep_generic_room_7
D:10:     nzn_winding_woodlands_cross [nzn_winding_woodlands_5x15_crooked,
          nzn_winding_woodlands_5x15_pathside_ponds,
          nzn_winding_woodlands_5x15_default, nzn_winding_woodlands_5x15_cabin,
          nzn_winding_woodlands_15x15_killbox], layout_basic,
          nicolae_hepliaklqana_hazy_memory, kennysheep_mini_moat,
          old_standard_altar, serial_shops, shop_fountains, serial_bayou_pond_e,
          uniq_gastronok
D:11:     layout_loops_cross
D:12:     cheibrodos_fzero, layout_cave_pools, david_orc_5, ebering_ghost_xom,
          grunt_ministairs_7, minmay_misc_feat_secret_circle
D:13:     layout_gridville, erik_vaults_2, small_chamber_with_monster,
          nicolae_ru_great_annihilating_truth
D:14:     layout_rooms, minivault_24, gauntlet_entry_generic
D:15:     grunt_enter_depths_snipers, layout_layer_cave,
          minmay_misc_feat_encased, uniq_azrael
Temple:   nicolae_temple_ecumenical_triangle
Lair:1:   layout_cave_pods, chequers_serial_rivers_micro_b
Lair:2:   layout_long_grid, elwin_shoals_entry_rocks, enter_volcano_1
Lair:3:   layout_roguey, nicolae_snake_entry_warm_welcome
Lair:4:   layout_long_grid, slime_entry_1, grunt_megastairs_3
Lair:5:   cheibrodos_lair_end_hotspot, layout_layer_cave, uniq_sonja, uniq_snorg
Shoals:1: layout_shoals, regret_index_shoals_crete, uniq_kirke
Shoals:2: layout_shoals
Shoals:3: layout_shoals, uniq_nikola, uniq_roxanne, uniq_bai_suzhen
Shoals:4: shoals_end_simple, layout_shoals, uniq_louise
Snake:1:  layout_rooms, basic_altar, serial_shops, shop, uniq_aizul
Snake:2:  layout_cave_shapes, nicolae_snake_boneroom, grunt_megastairs_2,
          minmay_shoptagon, uniq_saint_roka, uniq_asterion
Snake:3:  layout_concentric_octagons
Snake:4:  hellmonk_snake_rune_quicksilver_temple, layout_gridlike, basic_altar,
          ebering_ghost_disaster_area, drop_trap, minmay_shop_grove
Orc:1:    layout_caves, gammafunk_ghost_arena, nicolae_shop_vocational
Orc:2:    st_orc_ogre_mass, layout_caves, serial_shops, shop, basic_altar
Vaults:1: gammafunk_ghost_spectres, vaults_dpeg_hooks, nicolae_vaults_network_s,
          nicolae_vaults_taking_the_gang_shopping, v_misc_11,
          layout_vaults_omnigrid
Vaults:2: hangedman_vaults_maws, nicolae_vaults_arrows,
          nicolae_vaults_frosty_reception,
          vaults_standard_mumra_enter_the_diamond,
          nicolae_vaults_three_branches, nicolae_vaults_hallways_thing,
          nicolae_vaults_angled_halls, nicolae_vaults_spaceships,
          nicolae_vaults_specimen_jars, vaults_dpeg_ring,
          layout_vaults_maze_bifur
Vaults:3: minmay_crypt_entry_simple_walls, nicolae_vaults_house_2, v_pattern_1,
          v_misc_4, nicolae_vaults_mini_display_case, ontoclasm_vaults_tryst,
          v_misc_23, grunt_vaults_hallway_long, nicolae_vaults_enemy_cabinets,
          layout_vaults_big_room, serial_shops, freezing_bzr, uniq_zenata
Vaults:4: nicolae_vaults_diagonal_hallway_8, v_alt_pattern_2,
          hangedman_vaults_corner_blocks, vaults_room_semicircle,
          nicolae_vaults_trapezoid_layered, nicolae_vaults_prndl, v_misc_9,
          nicolae_vaults_alarming, nicolae_vaults_cochlea, v_pattern_4,
          nicolae_vaults_little_squares_3, nicolae_vaults_murder_corner,
          layout_vaults_omnicross
Depths:1: layout_roguey, hellmouth_2, mu_enter_wizlab_4,
          abyss_entry_small_statue_room, serial_co_window_serial,
          co_window_cross_1, co_window_of_opportunity_a, co_window_corner_a,
          co_window_corner_a, co_window_of_opportunity_a,
          co_window_of_opportunity_c, co_window_of_opportunity_b,
          co_window_unsneaky_path_c, co_window_broadway_b, glass_columns_a,
          glass_columns_a, glass_columns_a, serial_shops, shop,
          hangedman_decor_growths, abandoned_shop,
          nicolae_elyvilon_peaceful_grove
Depths:2: minmay_the_grid_square_5x5_5x5 [minmay_the_grid_square_5x5_trominoes,
          minmay_the_grid_square_5x5_fancy_junction,
          minmay_the_grid_square_5x5_gyroscope,
          minmay_the_grid_square_5x5_one_wall,
          minmay_the_grid_square_5x5_shrine1, minmay_the_grid_square_5x5_meh,
          minmay_the_grid_square_5x5_prize_waves, minmay_the_grid_square_5x5_c,
          minmay_the_grid_square_5x5_prize_junk,
          minmay_the_grid_square_5x5_mess, minmay_the_grid_square_5x5_inset,
          minmay_the_grid_square_5x5_half_checkered,
          minmay_the_grid_square_5x5_prize_itemx,
          minmay_the_grid_square_5x5_inner_z,
          minmay_the_grid_square_5x5_sharp_hourglass,
          minmay_the_grid_square_5x5_minibox,
          minmay_the_grid_square_5x5_prize_monsterx,
          minmay_the_grid_square_5x5_forky,
          minmay_the_grid_square_5x5_prize_deathbox,
          minmay_the_grid_square_5x5_three_small,
          minmay_the_grid_square_5x5_corner,
          minmay_the_grid_square_5x5_hollow_slash,
          minmay_the_grid_square_5x5_dogpile, minmay_the_grid_square_5x5_seven,
          minmay_the_grid_square_5x5_tri_point], layout_gridlike,
          grunt_pan_entry_in_and_out, hell_entry, infiniplex_staircase_river,
          serial_bayou_shore_b, firewood_loft

Skill      XL: |  1  2  3  4  5  6  7  8  9 10 11 12 13 14 15 16 17 18 19 20 21 |
---------------+----------------------------------------------------------------+-----
Axes           | 4 6 7 8 10 12 14 16 18 20 21 24 | 24.0
Fighting       | 5 8 9 11 12 15 17 19 20 22 25 27 | 27.0
Armour         | 3 4 5 7 8 10 11 14 17 19 20 21 | 21.0
Dodging        | 4 5 8 10 | 10.0
Evocations     | 4 5 7 11 12 | 12.0
Throwing       | 4 7 9 12 | 12.0

Action                     |  1- 3 |  4- 6 |  7- 9 | 10-12 | 13-15 | 16-18 | 19-21 || total
---------------------------+-------+-------+-------+-------+-------+-------+-------++-------
  Melee: Hand axe          |    50 |    78 |   201 |       |       |       |       ||   329
         Headbutt          |     5 |    15 |    45 |   106 |   157 |   247 |   252 ||   827
         Punch             |       |     1 |     2 |     1 |       |       |       ||     4
         Broad axe         |       |       |    97 |   162 |       |       |       ||   259
         War axe           |       |       |       |   243 |       |       |       ||   243
         Battleaxe         |       |       |       |    46 |   820 |  1044 |   566 ||  2476
         Executioner's axe |       |       |       |       |       |       |   400 ||   400
  Throw: Stone             |       |       |     4 |       |       |       |       ||     4
         Dart              |       |       |     2 |       |     1 |       |       ||     3
         Boomerang         |       |       |       |       |       |    41 |    22 ||    63
 Invoke: Berserk           |     1 |     3 |     7 |    10 |    13 |    13 |     6 ||    53
         Trog's Hand       |       |       |     2 |     1 |    11 |     4 |     4 ||    22
         Brothers in Arms  |       |       |       |       |     4 |     6 |     3 ||    13
  Evoke: Wand              |       |       |       |     3 |       |     3 |     5 ||    11
    Use: Scroll            |     3 |       |     5 |    10 |    12 |     5 |     5 ||    40
         Potion            |       |       |       |     1 |     1 |     2 |       ||     4
   Stab: Distracted        |       |       |       |       |     1 |     2 |     2 ||     5
         Sleeping          |       |       |       |       |       |     3 |     7 ||    10
 Armour: Ring mail         |    16 |       |       |       |       |       |       ||    16
         Plate armour      |     7 |    41 |   169 |   225 |   118 |       |   192 ||   752
         Chain mail        |       |       |       |       |   394 |   259 |       ||   653
         Quicksilver drago |       |       |       |       |       |   364 |   316 ||   680
  Dodge: Dodged            |    31 |    19 |   109 |   145 |   365 |   590 |   511 ||  1770
  Block: Buckler           |       |       |    20 |    12 |       |       |       ||    32
